 Dungeon Crawl Stone Soup version 0.31-a0-182-gc5ef74bbde (webtiles) character file.

Game seed: 4198801189289988916

149 rddays123 the Magician (level 5, -3/39 HPs)
             Began as a Djinni Conjurer on June 20, 2023.
             Slain by a sleepcap (6 damage)
             ... on level 2 of the Dungeon.
             The game lasted 00:11:04 (2459 turns).

rddays123 the Magician (Djinni Conjurer)            Turns: 2459, Time: 00:11:04

Health: -3/39      AC:  4    Str: 12    XL:     5   Next: 56%
Gold:   198        EV: 12    Int: 22    God:
                   SH:  0    Dex: 11

rFire   + + .        o - +0 whip (elec)
rCold   x . .        (no shield)
rNeg    . . .        a - +0 robe
rPois   ∞            i - +2 hat {Stlth+}
rElec   .            (no cloak)
rCorr   .            (no gloves)
SInv    .            (boots unavailable)
Will    .....        f - amulet of the acrobat
Stlth   +++          j - +6 ring of strength
HPRegen 0.26/turn    (no ring)
MPRegen 0.00/turn

%: acrobat, infuse magic (-4 HP)
@: flying
A: sickness immunity, fire resistance 2, cold vulnerability 1, float, innate
caster, HP casting, extra vitality 1
a: no special abilities


You were on level 2 of the Dungeon.
You visited 1 branch of the dungeon, and saw 4 of its levels.

You collected 198 gold pieces.

Inventory:

Hand Weapons
 o - a +0 whip of electrocution (weapon)
Armour
 a - a +0 robe (worn)
 i - a +2 hat of stealth (worn)
Jewellery
 f - an amulet of the acrobat (around neck)
 j - a +6 ring of strength (left hand)
Scrolls
 e - a scroll of enchant weapon {unknown}
 h - a scroll of poison {unknown}
 k - a scroll of summoning {unknown}
 l - 4 scrolls of identify {unknown}
Potions
 b - a potion of lignification {unknown}
 c - 3 potions of curing {unknown}
 d - 4 potions of heal wounds {unknown}
 g - a potion of enlightenment {unknown}
 m - a potion of might {unknown}
 n - a potion of mutation {unknown}


   Skills:
 + Level 2.7 Fighting
 - Level 2.7 Dodging
 - Level 2.0 Stealth
 + Level 4.2 Spellcasting
 + Level 4.2 Conjurations
 + Level 4.2 Hexes
 + Level 4.2 Summonings
 + Level 4.2 Necromancy
 + Level 4.2 Translocations
 + Level 4.2 Transmutations
 + Level 4.2 Fire Magic
 + Level 4.2 Ice Magic
 + Level 4.2 Air Magic
 + Level 4.2 Earth Magic
 + Level 4.2 Poison Magic


You knew the following spells:

 Your Spells              Type           Power      Damage    Failure   Level
a - Magic Dart            Conj           92%        1d7       1%          1
b - Searing Ray           Conj           46%        2d6       3%          2
c - Dazzling Flash        Conj/Hex       46%        N/A       6%          3
d - Fulminant Prism       Conj/Hex       11%        3d9       19%         4
e - Iskenderun's Mystic   Conj/Tloc      23%        2d6       19%         4
f - Slow                  Hex            92%        N/A       1%          1
g - Scorch                Fire           46%        2d6       3%          2
Your spell library was empty.

Dungeon Overview and Level Annotations

Branches:
Dungeon (4/15)
 Temple: D:4-7

Altars:


Innate Abilities, Weirdness & Mutations

You are immune to sickness and miasma.
You are immune to poison.
Your flesh is very heat resistant. (rF++)
You are vulnerable to cold. (rC-)
You float through the air rather than walking.
You learn spells naturally, not from books.
Your magical power is your life essence.
You have superior vitality. (+4 MHP)


Message History

The hound is heavily wounded.
The hound barely misses you. The sleepcap releases spores at you.
The hound misses you.
Casting: Scorch (safe; 3% risk of failure)
Confirm with . or Enter, or press ? or * to list all spells.
Flames lash the sleepcap.
The sleepcap is burned terribly!
The sleepcap is heavily damaged.
The hound bites you but does no damage. The sleepcap closely misses you.
Casting: Scorch (safe; 3% risk of failure)
Confirm with . or Enter, or press ? or * to list all spells.
Flames lash the sleepcap.
The sleepcap is burned terribly!
The sleepcap is severely damaged.
The hound bites you. The sleepcap releases spores at you.
* * * LOW HITPOINT WARNING * * *
The hound barely misses you. The hound completely misses you.
The sleepcap releases spores at you.
* * * LOW HITPOINT WARNING * * *
The hound closely misses you. The hound completely misses you.
There is a stone staircase leading up here.
You see here a rat skeleton.
The hound is no longer more vulnerable to fire.
The hound bites you but does no damage. The sleepcap barely misses you.
You fly upwards.
There is a stone staircase leading down here.
Really attack while wielding nothing? [Y]es or [N]o only, please.
Really attack while wielding nothing?
Okay, then.
You hear the crackle of electricity.
o - a +0 whip of electrocution (weapon)
The hound completely misses you.
You hit the sleepcap but do no damage.
The sleepcap is severely damaged.
The hound barely misses you. The sleepcap releases spores at you.
* * * LOW HITPOINT WARNING * * *
The hound bites you but does no damage.
You hit the sleepcap.
The sleepcap is severely damaged.
The sleepcap releases spores at you.
You die...

#.## ##........
#..#### ##.).......
########....########
#.)........ .....#
#...........#
#)######### .....#
#.###.#####.# #.#
.....# #.# #.## #.#
##.# .....# #.#
#..## #.###).#
.....# #.#
##..###.##.)##
.....###.#
##.h@f....##
.....'...#
##########
.....##### .....#
.....# ######


You could see a sleepcap (combustible) and a hound.

Vanquished Creatures
  A sleepcap (D:4)
  4 gnolls (D:2)
  An adder (D:2)
  An ufetubus (D:4)
  2 dart slugs (D:1)
  2 orcs
  4 bats
  11 endoplasms
  3 giant cockroaches (D:1)
  7 goblins
  6 hobgoblins
  2 kobolds
  6 ball pythons
  4 frilled lizards
  8 rats
62 creatures vanquished.

Notes
Turn   | Place    | Note
-------+----------+-------------------------------------------
     0 | D:1      | rddays123 the Djinni Conjurer began the quest for the Orb.
     0 | D:1      | rddays123 set off with the following spells memorised:
                  | Magic Dart, Searing Ray, Dazzling Flash, Fulminant Prism,
                  | Iskenderun's Mystic Blast.
     0 | D:1      | Reached XP level 1. HP: 15/15 MP: 0/0
   173 | D:1      | Reached XP level 2. HP: 15/21 MP: 0/0
   506 | D:1      | Reached XP level 3. HP: 23/25 MP: 0/0
   506 | D:1      | Learned a level 1 spell: Slow
  1116 | D:2      | Reached skill level 1 in Fighting
  1269 | D:2      | Reached XP level 4. HP: 31/32 MP: 0/0
  1744 | D:3      | Reached XP level 5. HP: 37/38 MP: 0/0
  1744 | D:3      | Learned a level 2 spell: Scorch
  2459 | D:2      | Slain by a sleepcap

Illustrated notes

Levels and vault maps discovered:
D:1:      zaba_arrival_water, layout_basic, minmay_tall_x
D:2:      layout_basic, minmay_pentomino_q2
D:3:      layout_loops_cross, minmay_misc_feat_more_columns
D:4:      layout_rooms, minmay_temple_entry_glassed_door, grunt_ministairs_13,
          kennysheep_nondescript, hangedman_decor_push, kennysheep_minor_cross,
          uniq_natasha

Skill      XL: |  1  2  3  4 |
---------------+-------------+-----
Stealth        | 2 |  2.0
Fighting       | 1 2 |  2.7
Spellcasting   | 4 |  4.2
Conjurations   | 4 |  4.2
Hexes          | 4 |  4.2
Summonings     | 4 |  4.2
Necromancy     | 4 |  4.2
Translocations | 4 |  4.2
Transmutations | 4 |  4.2
Fire Magic     | 4 |  4.2
Ice Magic      | 4 |  4.2
Air Magic      | 4 |  4.2
Earth Magic    | 4 |  4.2
Poison Magic   | 4 |  4.2
Dodging        | |  2.7

Action                     |  1- 3 |  4- 6 || total
---------------------------+-------+-------++-------
  Melee: Unarmed           |    11 |     1 ||    12
         Whip              |       |     2 ||     2
   Cast: Magic Dart        |    81 |    54 ||   135
         Slow              |     2 |     5 ||     7
         Searing Ray       |       |     9 ||     9
         Scorch            |       |     8 ||     8
 Armour: Robe              |     9 |    10 ||    19
  Dodge: Dodged            |    31 |    37 ||    68

Table legend: (Time is in decaauts)
 A = Elapsed time spent in this place.
 B = Non-inter-level travel time spent in this place.
 C = Inter-level travel time spent in this place.
 D = Time resting spent in this place.
 E = Time spent auto-exploring this place.
 F = Levels seen in this place.
 G = Mean time per level.
                   A        B        C        D        E       F      G
               +--------+--------+--------+--------+--------+-----+--------+
         Total |   2458 |   2410 |     48 |    135 |   1800 |   4 |  614.5 |
       Dungeon |   2458 |   2410 |     48 |    135 |   1800 |   4 |  614.5 |
               +--------+--------+--------+--------+--------+-----+--------+

Top non-repeatable levels by time:
     D:1: 1002 daAuts
     D:2: 685 daAuts
     D:3: 645 daAuts
     D:4: 125 daAuts
